 Dungeon Crawl Stone Soup version 0.23.1-37-gaa34b87 (webtiles) character file.

Game seed: 10031893726966543937

2757 gohu the Arsonist (level 9, -7/48 HPs)
             Began as a Deep Elf Fire Elementalist on Mar 27, 2019.
             Was a Priest of Vehumet.
             Killed from afar by Harold (14 damage)
             ... with a harpoon shot
             ... on level 7 of the Dungeon.
             The game lasted 00:40:40 (7364 turns).

gohu the Arsonist (Deep Elf Fire Elementalist)      Turns: 7364, Time: 00:40:41

Health: -7/48      AC:  4    Str:  5    XL:     9   Next: 41%
Magic:  19/24      EV: 14    Int: 24    God:    Vehumet [***...]
Gold:   305        SH:  4    Dex: 15    Spells: 17/26 levels left

rFire    . . .     SeeInvis .   h - +0 dagger
rCold    . . .     Gourm    .   (no shield)
rNeg     + . .     Faith    .   a - +0 robe
rPois    .         Spirit   .   k - +0 helmet
rElec    .         Reflect  +   r - +0 cloak
rCorr    +         Harm     .   (no gloves)
MR       .....                  (no boots)
Stlth    ++........             F - +4 amulet of reflection
HPRegen  0.16/turn              i - ring of positive energy
MPRegen  0.19/turn              G - ring of resist corrosion

@: marked
A: no striking features
a: Renounce Religion


You were on level 7 of the Dungeon.
You worshipped Vehumet.
Vehumet was most pleased with you.
You were not hungry.

You visited 2 branches of the dungeon, and saw 8 of its levels.
You also visited: Ossuary.

You collected 305 gold pieces.

Inventory:

Hand Weapons
 h - a +0 dagger (weapon)
 j - a +0 dagger
 v - a +2 spear of chaos
Missiles
 f - a throwing net (quivered)
Armour
 a - a +0 robe (worn)
 k - a +0 helmet (worn)
 r - a +0 cloak (worn)
Jewellery
 i - a ring of positive energy (left hand)
 F - a +4 amulet of reflection (around neck)
 G - a ring of resist corrosion (right hand)
Wands
 E - a wand of flame (19)
 H - a wand of acid (8)
Scrolls
 d - 5 scrolls of identify
 e - 5 scrolls of remove curse
 g - 6 scrolls of teleportation
 o - 4 scrolls of noise
 p - a scroll of magic mapping
 q - 2 scrolls of enchant armour {unknown}
 w - 3 scrolls of amnesia {unknown}
 y - 2 scrolls of immolation {unknown}
 C - 3 scrolls of enchant weapon {unknown}
Potions
 b - 2 potions of flight
 l - 2 potions of curing
 m - a potion of agility
 n - a potion of magic {unknown}
 s - 2 potions of heal wounds
 t - 2 potions of brilliance {unknown}
 u - 2 potions of might {unknown}
 x - a potion of mutation {unknown}
 z - a potion of invisibility {unknown}
 A - 2 potions of cancellation {unknown}
 B - 2 potions of berserk rage {unknown}
 D - a potion of resistance {unknown}
Comestibles
 c - 11 rations
 I - 2 chunks of flesh


   Skills:
 - Level 1.7 Fighting
 - Level 3.6 Dodging
 - Level 2.4 Stealth
 + Level 9.3 Spellcasting
 + Level 7.4 Conjurations
 * Level 9.5 Fire Magic


You had 17 spell levels left.
You knew the following spells:

 Your Spells              Type           Power        Failure   Level  Hunger
a - Flame Tongue          Conj/Fire      #####        1%          1    None
b - Throw Flame           Conj/Fire      ######       1%          2    None
c - Shock                 Conj/Air       ####         1%          1    None
d - Fireball              Conj/Fire      ######....   1%          5    ####...

Your spell library contained the following spells:

 Spells                   Type           Power        Failure   Level  Hunger
 Force Lance              Conj/Tloc      ####....     3%          4    ##.....
 Conjure Flame            Conj/Fire      ######..     1%          3    None
 Inner Flame              Hex/Fire       ####....     1%          3    None
 Sticky Flame             Conj/Fire      ######..     1%          4    ##.....
 Beastly Appendage        Tmut           ##....       6%          1    None
 Sticks to Snakes         Tmut           ##......     9%          2    None
 Spider Form              Tmut/Pois      ##........   17%         3    None
 Ice Form                 Ice/Tmut       ##......     50%         4    ##.....
 Blade Hands              Tmut           ##........   85%         5    ####...


Dungeon Overview and Level Annotations

Branches:
Dungeon (7/15)             Temple (1/1) D:4

Altars:
Dithmenos
Elyvilon
Fedhas
Hepliaklqana
Makhleb
Nemelex Xobeh
Ru
Sif Muna
Trog
Vehumet
Xom
Yredelemnul

Annotations:
D:2 Sigmund
D:3 1 runed translucent door, bmj180's ghost, amateur HuFi
D:5 Eustachio
D:7 Harold


Message History

The harpoon shot hits you!
You are yanked forward by the harpoon shot.
Casting: Shock (safe; 1% risk of failure)
Confirm with . or Enter, or press ? or * to list all spells.
Aiming: Shock (safe; 1% risk of failure)
Press: ? - help, Shift-Dir - straight line, f/p - Harold
Aim: Harold, wielding a +0 halberd and wearing a +3 scale mail of poison resistance (heavily wounded) That beam is likely to hit you.
Continue anyway? [Y]es or [N]o only, please.
That beam is likely to hit you.
Continue anyway?
Okay, then.
Harold hits you from afar with a +0 halberd!
* * * LOW HITPOINT WARNING * * *
Things that are here:
a +0 war axe; an orc skeleton Harold points at you and mumbles some strange words.
The mark upon you grows brighter. Harold gestures at you while chanting.
The harpoon shot hits you!
You die...

#@ #....#
#.##.##.#
#.......#
####@##.#
#.##.# #
. #.##..
#.##
#.#####
#... #.#
#..# #@#
#... #.#
###...
#.#
^....#
####.####
#...
#.......#
#.##
#.##.##.#
#...
#.##.##.#
####
#.##.##.#
#.##.##.#


You could see Harold.

Vanquished Creatures
  A troll (D:7)
  A hippogriff (D:7)
  Menkaure (D:6)
  2 orc warriors (D:7)
  2 ice beasts (D:6)
  2 ogres
  4 bullfrogs
  3 scorpions
  A water moccasin skeleton (D:7)
  6 crimson imps
  2 howler monkeys
  A centaur skeleton (D:7)
  A hound (D:7)
  9 orc wizards
  7 orc priests
  A bullfrog skeleton (D:5)
  Ijyb (D:3)
  4 worker ants
  Robin (D:4)
  4 gnolls (D:3)
  11 adders
  An ooze (D:2)
  An adder skeleton (D:7)
  3 worms
  4 dart slugs
  6 leopard geckos
  26 orcs
  2 giant cockroaches
  13 hobgoblins
  6 jackals
  4 quokkas
  A ball python (D:3)
  3 bats
  A frilled lizard (D:2)
  12 goblins
  8 hobgoblin zombies (Ossuary)
  4 kobolds
  5 kobold zombies (Ossuary)
  7 orc zombies (Ossuary)
  8 rats
180 creatures vanquished.

Notes
Turn   | Place    | Note
-------+----------+-------------------------------------------
     0 | D:1      | gohu the Deep Elf Fire Elementalist began the quest for the
                  | Orb.
     0 | D:1      | Reached XP level 1. HP: 10/10 MP: 6/6
   215 | D:1      | Reached XP level 2. HP: 15/15 MP: 6/8
   282 | D:1      | Learned a level 2 spell: Throw Flame
   936 | D:1      | Reached XP level 3. HP: 19/19 MP: 5/10
  1387 | D:2      | Noticed Sigmund
  1450 | D:3      | Found a runed translucent door.
  1452 | D:3      | Noticed bmj180's ghost (amateur HuFi)
  1701 | D:3      | Found a shimmering altar of Xom.
  1863 | D:3      | Reached XP level 4. HP: 22/24 MP: 8/12
  2159 | D:3      | Reached XP level 5. HP: 28/28 MP: 4/14
  2388 | D:2      | Found a white marble altar of Elyvilon.
  2442 | D:2      | Found a hazy altar of Hepliaklqana.
  2557 | D:3      | Reached skill level 5 in Spellcasting
  2576 | D:3      | Found a bloodstained altar of Trog.
  2689 | D:4      | Noticed Ijyb
  2729 | D:4      | Found a staircase to the Ecumenical Temple.
  2735 | Temple   | Entered the Ecumenical Temple
  2742 | Temple   | Became a worshipper of Vehumet
  2865 | D:4      | Found a sand-covered staircase.
  2874 | D:4      | Noticed Robin
  2878 | Ossuary  | Entered an ossuary
  2964 | Ossuary  | Reached skill level 5 in Fire Magic
  3398 | D:4      | Reached * piety under Vehumet
  3398 | D:4      | Offered knowledge of Shock by Vehumet.
  3399 | D:4      | Reached XP level 6. HP: 32/32 MP: 12/16
  3829 | D:3      | Killed Ijyb
  4009 | D:4      | Killed Robin
  4324 | D:5      | Entered Level 5 of the Dungeon
  4409 | D:5      | Learned a level 1 spell: Shock
  4490 | D:5      | Reached XP level 7. HP: 36/36 MP: 7/18
  4769 | D:5      | Reached skill level 5 in Conjurations
  4911 | D:5      | Noticed Eustachio
  4972 | D:6      | Noticed Menkaure
  4981 | D:6      | Killed Menkaure
  4981 | D:6      | Reached ** piety under Vehumet
  4986 | D:6      | Offered knowledge of Searing Ray by Vehumet.
  4993 | D:6      | Learned a level 5 spell: Fireball
  5580 | D:6      | Reached XP level 8. HP: 41/41 MP: 19/21
  5810 | D:6      | Reached skill level 1 in Fighting
  6264 | D:7      | Noticed a hippogriff
  6272 | D:7      | Killed a hippogriff
  6492 | D:7      | Noticed a troll
  6502 | D:7      | Killed a troll
  6513 | D:7      | Offered knowledge of Ignite Poison by Vehumet.
  6625 | D:7      | Reached XP level 9. HP: 48/48 MP: 20/23
  6958 | D:7      | Reached *** piety under Vehumet
  7206 | D:7      | Offered knowledge of Force Lance by Vehumet.
  7339 | D:7      | Noticed Harold
  7364 | D:7      | Killed from afar by Harold

Skill      XL: |  1  2  3  4  5  6  7  8  9 |
---------------+----------------------------+-----
Conjurations   | 2 3 4 5 6 7 |  7.4
Spellcasting   | 4 5 6 7 8 9 |  9.3
Fire Magic     | 4 5 6 8 9 |  9.5
Dodging        | 3 |  3.6
Fighting       | 1 |  1.7
Stealth        | |  2.4

Action                   |  1- 3 |  4- 6 |  7- 9 || total
-------------------------+-------+-------+-------++-------
Melee: Dagger            |       |     2 |       ||     2
       Unarmed           |       |       |     2 ||     2
Throw: Throwing net      |       |       |     1 ||     1
 Cast: Flame Tongue      |    57 |   130 |   168 ||   355
       Throw Flame       |    21 |    32 |    46 ||    99
       Shock             |       |    11 |    67 ||    78
  Use: Scroll            |       |     6 |     1 ||     7
       Potion            |       |     2 |     2 ||     4
  Eat: Chunk             |     2 |     4 |    10 ||    16
       Ration            |       |     1 |       ||     1
Armor: Robe              |     6 |    14 |    15 ||    35
Dodge: Dodged            |    14 |    67 |    53 ||   134
Block: Other             |       |       |    10 ||    10
